 Dungeon Crawl Stone Soup version 0.17-a0-854-g4a4ba72 (webtiles) character file.

533 FedoraBrony69 the Cudgeler (level 7, -2/66 HPs)
             Began as a Minotaur Berserker on Apr 28, 2015.
             Was a Believer of Trog.
             Slain by an orc warrior
             ... wielding a +0 trident
              (7 damage)
             ... on level 4 of the Dungeon.
             The game lasted 00:05:11 (2574 turns).

FedoraBrony69 the Cudgeler (Minotaur Berserker)     Turns: 2574, Time: 00:05:11

Health: -2/66      AC: 18    Str: 24    XL:     7   Next: 4%
Magic:  6/6        EV:  7    Int:  4    God:    Trog [**....]
Gold:   140        SH:  0    Dex: 12    Spells: 0 memorised, 6 levels left

rFire  . . .     SeeInvis .     a - +0 mace
rCold  . . .     Clarity  .     s - +0 plate armour
rNeg   . . .     SustAb   .     (no shield)
rPois  .         Gourm    .     (helmet restricted)
rElec  .         Spirit   .     p - +0 cloak
rCorr  .         Warding  .     j - +2 pair of gloves {Dex+3}
rMut   .         Stasis   .     e - +2 pair of boots
MR     .....                    (no amulet)
Stlth  ..........               (no ring)
                                (no ring)

@: exhausted, slowed, very slow, not resistant to hostile enchantments,
extremely unstealthy
A: retaliatory headbutt, horns 2
a: Burn Spellbooks, Berserk, Trog's Hand, Renounce Religion


You were on level 4 of the Dungeon.
You worshipped Trog.
Trog was pleased with you.
You were near starving.

You visited 1 branch of the dungeon, and saw 4 of its levels.

You collected 140 gold pieces.

Inventory:

Hand weapons
 a - a +0 mace (weapon)
Armour
 e - a +2 pair of boots (worn)
 j - a +2 pair of gloves of dexterity (worn)
 n - a +1 robe of magic resistance
 p - a +0 cloak (worn)
 s - a +0 plate armour (worn)
Scrolls
 b - a scroll of noise {unknown}
 f - a scroll of enchant armour
 g - 2 scrolls of fog {unknown}
 m - a scroll of blinking {unknown}
 o - a scroll of amnesia {unknown}
 q - a scroll of recharging
 r - a scroll of magic mapping {unknown}
 t - a scroll of fear {unknown}
 u - 2 scrolls of identify {unknown}
 x - a scroll of enchant weapon {unknown}
 y - a scroll of remove curse
 C - a scroll of teleportation {unknown}
Potions
 d - 2 potions of lignification {unknown}
 h - a potion of brilliance {unknown}
 k - a potion of degeneration {unknown}
 l - a potion of cancellation {unknown}
 w - a potion of magic {unknown}
 z - a potion of agility {unknown}
 A - a potion of poison {unknown}
Comestibles
 c - 3 bread rations
 i - 4 meat rations
 v - a slice of pizza
 B - a chunk of flesh


   Skills:
 + Level 7.2 Fighting
 + Level 7.3 Maces & Flails
 - Level 2.4 Armour
 - Level 2.1 Dodging


You had 6 spell levels left.
You didn't know any spells.

Dungeon Overview and Level Annotations

Branches:
Dungeon (4/15)
 Temple: D:4-7

Altars:
Okawaru
Xom


Innate Abilities, Weirdness & Mutations

You reflexively headbutt those who attack you in melee.
You have a pair of horns on your head.


Message History

Something hits you but does no damage.
You sock the orc warrior! Your headbutt misses the orc warrior.
The orc warrior is heavily wounded.
You hear some strange, mumbled words.
A puff of flame appears from out of thin air!
The puff of flame hits you!
* * * LOW HITPOINT WARNING * * *
The orc warrior barely misses you. You furiously retaliate!
You headbutt the orc warrior. Something hits you but does no damage.
The orc warrior hits you with a trident.
* * * LOW HITPOINT WARNING * * *
You closely miss the orc warrior.
The orc warrior is heavily wounded.
An orc wizard appears from thin air!
Reactivating autopickup.
The orc wizard hits you but does no damage.
The orc wizard points at you and mumbles some strange words.
The puff of frost misses you.
The orc warrior hits you with a trident!
You die...

###. #. .... ..#
... ...####.#
%......###
#....#.##
#....#o.###..#
#....@o$$(...#
#...)#)...#.##
##...#88....#
..######...##..?##.
............# ##(..
.######.##.# .##
#.##.# #
#.##<#..##########
#............)....


You could see an orc warrior and an orc wizard.

Vanquished Creatures
  Sigmund (D:2)
  The ghost of FedoraBrony69 the Conjurer, an average DECj (D:3)
  2 orc priests (D:4)
  A giant frog skeleton (D:4)
  Natasha (thrice) (D:2)
  An orc wizard (D:4)
  2 worker ants (D:3)
  2 adders
  3 gnolls (D:2)
  An ooze (D:1)
  3 worms
  4 orcs (D:4)
  4 bats
  5 giant cockroaches
  7 hobgoblins
  7 jackals
  8 kobolds
  A quokka (D:4)
  3 giant newts
  4 goblins
  5 rats
68 creatures vanquished.

Vanquished Creatures (others)
  5 toadstools (D:1)
5 creatures vanquished.

Grand Total: 73 creatures vanquished

Notes
Turn   | Place    | Note
--------------------------------------------------------------
     0 | D:1      | FedoraBrony69, the Minotaur Berserker, began the quest for the Orb.
     0 | D:1      | Reached XP level 1. HP: 19/19 MP: 0/0
   112 | D:1      | Reached skill level 4 in Fighting
   115 | D:1      | Reached XP level 2. HP: 16/27 MP: 1/1
   811 | D:2      | Reached XP level 3. HP: 34/34 MP: 2/2
   827 | D:2      | Noticed Natasha
   839 | D:2      | Killed Natasha
   839 | D:2      | Acquired Trog's second power
   845 | D:2      | Noticed Sigmund
   853 | D:2      | Killed Sigmund
   853 | D:2      | Reached skill level 5 in Fighting
   853 | D:2      | Reached skill level 5 in Maces & Flails
   853 | D:2      | Reached XP level 4. HP: 44/44 MP: 3/3
   853 | D:2      | Reached XP level 5. HP: 50/50 MP: 4/4
   939 | D:2      | Reached skill level 6 in Maces & Flails
  1261 | D:2      | Noticed Natasha
  1266 | D:2      | Killed Natasha
  1266 | D:2      | Reached XP level 6. HP: 41/57 MP: 5/5
  1436 | D:2      | Noticed Natasha
  1440 | D:2      | Killed Natasha
  1488 | D:3      | Noticed FedoraBrony69's ghost (average DECj)
  1493 | D:3      | Killed FedoraBrony69's ghost
  1852 | D:3      | Found an iron altar of Okawaru.
  2463 | D:4      | Reached skill level 7 in Maces & Flails
  2482 | D:4      | Found a shimmering altar of Xom.
  2569 | D:4      | Reached XP level 7. HP: 19/66 MP: 6/6
  2574 | D:4      | Slain by an orc warrior

Action                   |  1- 3 |  4- 6 |  7- 9 || total
-------------------------+-------+-------+-------++-------
Melee: Mace              |    53 |   117 |     5 ||   175
Invok: Berserk           |     1 |     3 |       ||     4
       Trog's Hand       |       |     1 |       ||     1
  Use: Scroll            |       |     3 |       ||     3
 Stab: Sleeping          |     1 |     1 |       ||     2
  Eat: Chunk             |       |     8 |       ||     8
